 Dungeon Crawl Stone Soup version 0.29.1-15-g9cfb28693d (webtiles) character file.

Game seed: 1796635672717694174

5646 CatalinOSBI the Cleaver (level 10, -4/135 HPs)
             Began as a Minotaur Berserker on Apr 7, 2023.
             Was an Elder of Trog.
             Slain by a vampire mosquito (8 damage)
             ... on level 9 of the Dungeon.
             The game lasted 00:27:41 (13852 turns).

CatalinOSBI the Cleaver (Minotaur Berserker)       Turns: 13852, Time: 00:27:41

Health: -4/135     AC:  9    Str: 26    XL:     10   Next: 46%
Magic:  9/9        EV:  2    Int:  4    God:    Trog [****..]
Gold:   398        SH: 14    Dex: 10    Spells: 9/9 levels left

rFire   . . .      SeeInvis .   a - +1 hand axe
rCold   . . .      Faith    .   l - +0 tower shield
rNeg    . . .      Spirit   .   (body armour currently unavailable)
rPois   +          Reflect  .   (helmet currently unavailable)
rElec   .          Harm     .   (cloak currently unavailable)
rCorr   .          Rampage  .   (gloves currently unavailable)
Will    .....      NoTele   +   (boots currently unavailable)
Stlth   +.........              (no amulet)
HPRegen 0.32/turn               f - ring of flight
MPRegen 0.11/turn               (no ring)

@: tree-form, corroded, on berserk cooldown, slowed, very slow
A: stationary, stasis, torment immunity, boosted hp, (horns 2), (retaliatory
headbutt)
a: Renounce Religion, Berserk, Trog's Hand, Brothers in Arms


You were on level 9 of the Dungeon.
You worshipped Trog.
Trog was greatly pleased with you.
You were a tree.
You visited 1 branch of the dungeon, and saw 9 of its levels.
You also visited: Ossuary.

You collected 398 gold pieces.

Inventory:

Hand Weapons
 a - a +1 hand axe (weapon)
 d - a +0 shortbow
Missiles
 k - 21 poisoned darts (quivered)
 q - 6 atropa-tipped darts
 v - a throwing net
Armour
 i - a +1 cloak (melded)
 l - a +0 tower shield (worn)
 u - a +0 scale mail (melded)
Jewellery
 f - a ring of flight (left branch)
 j - an amulet of faith
Wands
 m - a wand of light (3)
 x - a wand of iceblast (8)
Scrolls
 g - a scroll of magic mapping
 t - a scroll of immolation {unknown}
 w - a scroll of brand weapon {unknown}
 y - a scroll of amnesia {unknown}
 z - 2 scrolls of poison {unknown}
 B - a scroll of fog {unknown}
Potions
 c - a potion of invisibility {unknown}
 e - a potion of lignification
 h - a potion of ambrosia
 n - 2 potions of haste
 r - 2 potions of resistance
 s - a potion of cancellation
 A - 3 potions of might
 D - a potion of flight {unknown}


   Skills:
 + Level 8.7 Fighting
 * Level 11.5 Axes
 + Level 9.6 Armour
 - Level 2.8 Dodging
 * Level 9.0 Shields


You had 9 spell levels left.
You didn't know any spells.
Your spell library was empty.

Dungeon Overview and Level Annotations

Branches:
Dungeon (9/15)             Temple (0/1) D:4             Orc (0/2) D:9
Ossuary (visited)
   Lair: D:8-11

Altars:
Cheibriados
Elyvilon
Kikubaaqudgha
Makhleb
Nemelex Xobeh
Okawaru
Qazlal
Vehumet
Wu Jian
Yredelemnul
The Shining One

Shops:
D:3 [[[   D:7 *


Innate Abilities, Weirdness & Mutations

You are a tree.
Your roots penetrate the ground, keeping you stationary.
You cannot be teleported.
You are immune to unholy pain and torment.
Your maximum health is greatly increased.
Your equipment is partially melded.
((You have a pair of horns on your head.))
((You reflexively headbutt those who attack you in melee.))


Message History

You turn into a tree.
Your +1 cloak melds into your body.
Your +0 scale mail melds into your body.
Your roots penetrate the ground.
You block the vampire mosquito's attack.
The vampire mosquito bites you.
* * * LOW HITPOINT WARNING * * *
The vampire mosquito draws strength from your injuries!
You block the vampire mosquito's attack.
You feel better.
You block the vampire mosquito's attack.
The vampire mosquito bites you but does no damage.
The vampire mosquito bites you.
* * * LOW HITPOINT WARNING * * *
The vampire mosquito draws strength from your injuries!
You hit the vampire mosquito.
The vampire mosquito is lightly damaged.
You block the vampire mosquito's attack.
The vampire mosquito bites you!
* * * LOW HITPOINT WARNING * * *
The vampire mosquito draws strength from your injuries!
The vampire mosquito bites you but does no damage.
Aiming: Iceblast
Press: ? - help, Q - select action, (/) - cycle Shift-Dir - straight line
Okay, then.
Aiming: Bolt of Light
Press: ? - help, Q - select action, (/) - cycle Shift-Dir - straight line, f - vampire mosquito
Aim: a vampire mosquito (53% to hit)
The bolt of light hits the vampire mosquito!
The vampire mosquito is heavily damaged.
The vampire mosquito is blinded.
The vampire mosquito bites you.
* * * LOW HITPOINT WARNING * * *
The vampire mosquito draws strength from your injuries!
You block the vampire mosquito's attack.
Aiming: Bolt of Light
Press: ? - help, Q - select action, (/) - cycle Shift-Dir - straight line, f/p - vampire mosquito
Aim: a vampire mosquito (heavily damaged, blind, 53% to hit)
The bolt of light misses the vampire mosquito.
The vampire mosquito bites you!
You die...

#......#...#....# #...#..
........##'#.)..# ###..##
#####...........# #..#.
...###.........###..#..#
....#.........'##.#####
...##........#........
#...#..#######..#..... #.
#...#..+..#.....#.....
..y.#...#♣.#..#.....#.....
.|.D.Q..#y.#'#####..#.....
=..#..#..........#..#.....
#. #..........#..+..... ..
#..........#..#..... ..
#..........#..#..... ..
#...........#...##### .
.............#...#
....###############


You could see a vampire mosquito (blind).

Vanquished Creatures
  A tengu warrior (D:9)
  A troll (D:9)
  A hornet (D:9)
  A wyvern (D:9)
  2 wraiths
  A steam dragon (D:8)
  Menkaure (D:6)
  Edmund (D:6)
  An acid dragon (D:9)
  2 water moccasins
  2 ice beasts
  2 orc warriors (D:7)
  2 sky beasts
  A black bear (D:8)
  2 ogres (D:5)
  A centaur (D:6)
  4 phantoms
  A kobold brigand (D:6)
  Blork the orc (D:5)
  A bullfrog (D:7)
  4 scorpions
  3 water moccasin zombies (Ossuary)
  9 wights
  4 killer bees (D:9)
  A troll zombie (D:9)
  5 howler monkeys
  4 hounds
  Crazy Yiuf (D:6)
  2 orc priests
  3 iguanas
  A gnoll bouda (D:5)
  7 orc wizards
  5 ogre zombies (D:9)
  2 mummies (Ossuary)
  3 gnolls (D:5)
  9 adders
  3 white imps
  5 adder zombies (Ossuary)
  A worm (D:3)
  4 dart slugs
  32 orcs
  14 ball pythons
  6 bats
  11 endoplasms
  3 giant cockroaches
  3 gnoll zombies (Ossuary)
  8 hobgoblins
  10 jackals
  2 quokkas (D:3)
  A frilled lizard (D:1)
  7 goblins
  3 goblin zombies (D:9)
  7 hobgoblin zombies
  11 kobolds
  3 kobold zombies (Ossuary)
  2 orc skeletons (D:9)
  15 orc zombies
  5 rats
248 creatures vanquished.

Vanquished Creatures (others)
  An orc wizard (D:9)
1 creature vanquished.

Grand Total: 249 creatures vanquished

Notes
Turn   | Place    | Note
-------+----------+-------------------------------------------
     0 | D:1      | CatalinOSBI the Minotaur Berserker began the quest for the
                  | Orb.
     0 | D:1      | Reached XP level 1. HP: 19/19 MP: 0/0
   443 | D:1      | Reached XP level 2. HP: 27/27 MP: 1/1
   648 | D:1      | Reached skill level 4 in Axes
   819 | D:1      | Found a faded altar of an unknown god.
   982 | D:1      | Reached XP level 3. HP: 29/33 MP: 2/2
  1063 | D:1      | Reached ** piety under Trog
  2039 | D:2      | Reached XP level 4. HP: 40/40 MP: 3/3
  2098 | D:2      | You fall into a shaft and drop 2 floors!
  2160 | D:4      | Found a burning altar of Makhleb.
  2766 | D:4      | Reached skill level 5 in Axes
  2766 | D:4      | Reached skill level 1 in Shields
  2766 | D:4      | Reached XP level 5. HP: 9/47 MP: 4/4
  3004 | D:4      | Found a staircase to the Ecumenical Temple.
  3431 | D:4      | Found a basalt altar of Yredelemnul.
  3438 | D:4      | Found an iron altar of Okawaru.
  3474 | D:4      | Found an ornate altar of the Wu Jian Council.
  3475 | D:4      | Found a glowing golden altar of the Shining One.
  3576 | D:3      | Found Hachosew's Armour Emporium.
  3865 | D:3      | Found Heunauhe's Armour Shoppe.
  4025 | D:3      | Reached *** piety under Trog
  4243 | D:3      | Found Kecsimocs's Armour Shop.
  4581 | D:2      | Reached skill level 5 in Fighting
  4871 | D:5      | Entered Level 5 of the Dungeon
  5016 | D:5      | Reached XP level 6. HP: 55/56 MP: 5/5
  5034 | D:5      | Noticed Blork the orc
  5042 | D:5      | Killed Blork the orc
  5043 | D:5      | Reached skill level 6 in Axes
  5215 | D:5      | Found a stormy altar of Qazlal.
  5259 | D:5      | Reached skill level 5 in Armour
  5259 | D:5      | Reached XP level 7. HP: 56/61 MP: 6/6
  5957 | D:5      | Reached skill level 7 in Axes
  6453 | D:6      | Reached XP level 8. HP: 57/70 MP: 7/7
  6466 | D:6      | Noticed Edmund
  6476 | D:6      | Killed Edmund
  6603 | D:6      | Reached skill level 8 in Axes
  6848 | D:6      | Found a snail-covered altar of Cheibriados.
  6973 | D:6      | Found a runed translucent door.
  6974 | D:6      | Noticed Crazy Yiuf
  7574 | D:6      | Found a radiant altar of Vehumet.
  7612 | D:6      | Noticed Menkaure
  7622 | D:6      | Killed Menkaure
  7623 | D:6      | Reached skill level 5 in Shields
  8628 | D:6      | Killed Crazy Yiuf
  8629 | D:6      | Reached skill level 9 in Axes
  8718 | D:7      | Reached XP level 9. HP: 76/79 MP: 8/8
  9338 | D:7      | Found Xaxukuch's CLEARANCE SALE!.
  9961 | D:8      | Reached **** piety under Trog
  9990 | D:8      | Found a sand-covered staircase.
  9997 | Ossuary  | Entered an ossuary
 10110 | Ossuary  | Reached skill level 10 in Axes
 11135 | D:8      | Found a white marble altar of Elyvilon.
 11331 | D:8      | Found a sparkling altar of Nemelex Xobeh.
 12006 | D:9      | Found a staircase to the Orcish Mines.
 12228 | D:9      | Paralysed by a hornet for 2 turns
 12627 | D:9      | Reached XP level 10. HP: 35/88 MP: 9/9
 13047 | D:9      | Found an ancient bone altar of Kikubaaqudgha.
 13068 | D:9      | HP: 1/88 [troll (10)]
 13428 | D:9      | Reached skill level 11 in Axes
 13796 | D:9      | Identified the +4 sling of Malaise {freeze, rPois rC+ Will+
                  | Dex+4}
 13818 | D:9      | Noticed a tengu warrior
 13835 | D:9      | Killed a tengu warrior
 13851 | D:9      | HP: 4/135 [vampire mosquito (4)]
 13852 | D:9      | Slain by a vampire mosquito

Illustrated notes

Levels and vault maps discovered:
D:1:      psy_arrival_basics, layout_basic, nicolae_ecumenical_snake_handling
D:2:      layout_basic
D:3:      minmay_recursive_quarters, layout_basic, serial_shops, shop, shop,
          shop
D:4:      layout_cave_pools, lemuel_crystal_altar,
          gammafunk_temple_overflow_pools, mainiacjoe_overflow_big_doors,
          temple_doors_cd, minmay_door_square
D:5:      minmay_angry_zag, layout_basic, mainiacjoe_overflow_six_doors_small,
          hangedman_abyss_or_decor_stabs, uniq_blork_the_orc
D:6:      layout_loops_ring, mainiacjoe_overflow_boulevard, lemuel_doored_altar,
          uniq_edmund, uniq_crazy_yiuf_cottage, uniq_menkaure
D:7:      layout_basic, nicolae_shop_clearance
D:8:      layout_layer_cave, lemuel_crystal_altar,
          nicolae_elyvilon_peaceful_grove, nicolae_ossuary_entry_ruins
D:9:      layout_gridville, nicolae_kikubaaqudgha_miasma_corner,
          zombieorc1_lemuel, grunt_ministairs_2, minmay_radiant

Skill      XL: |  1  2  3  4  5  6  7  8  9 10 |
---------------+-------------------------------+-----
Axes           | 4 5 6 7 9 10 11 | 11.5
Fighting       | 4 5 6 7 8 |  8.7
Armour         | 3 4 5 6 8 9 |  9.6
Shields        | 1 2 3 5 7 9 |  9.0
Dodging        | |  2.8

Action                   |  1- 3 |  4- 6 |  7- 9 | 10-12 || total
-------------------------+-------+-------+-------+-------++-------
Melee: Hand axe          |    68 |   154 |   438 |   101 ||   761
       Headbutt          |     8 |    19 |    77 |    26 ||   130
       Punch             |     1 |       |       |       ||     1
Throw: Dart              |       |       |     5 |       ||     5
Invok: Berserk           |       |     3 |    11 |     2 ||    16
       Trog's Hand       |       |     1 |     3 |     1 ||     5
Evoke: Wand              |       |       |       |     2 ||     2
  Use: Scroll            |       |    12 |     6 |       ||    18
       Potion            |       |       |       |    14 ||    14
 Stab: Sleeping          |     1 |       |       |       ||     1
Armor: Animal skin       |    10 |     8 |       |       ||    18
       Scale mail        |       |    46 |   149 |    35 ||   230
       Skin              |       |       |       |     2 ||     2
Dodge: Dodged            |    33 |    49 |   100 |    38 ||   220
Block: Tower shield      |     7 |    99 |   277 |    91 ||   474
